 Dungeon Crawl Stone Soup version 0.30-a0-629-gd54f4be4f7 (webtiles) character file.

Game seed: 13046328060572928733

2940 Dittersdorf the Protected (level 9, -6/59 HPs)
             Began as a Gargoyle Fighter on Jan 12, 2023.
             Was an Elder of Okawaru.
             Blown up by Joseph (21 damage)
             ... with a mindburst bolt
             ... on level 7 of the Dungeon.
             The game lasted 00:11:14 (6240 turns).

Dittersdorf the Protected (Gargoyle Fighter)        Turns: 6240, Time: 00:11:14

Health: -6/59      AC: 25    Str: 24    XL:     9   Next: 80%
Magic:  0/0        EV:  8    Int:  9    God:    Okawaru [****..]
Gold:   208        SH:  5    Dex:  9    Spells: 8/8 levels left

rFire   . . .      SeeInvis .    u - +0 morningstar (venom)
rCold   . . .      Faith    +    c - +0 buckler
rNeg    + + .      Spirit   .    i - +0 chain mail
rPois   ∞          Reflect  .    D - +0 hat "Reasuc" {Rampage rPois rN+ MP-9}
rElec   +          Harm     .    p - +0 cloak
rCorr   .          Rampage  +    (no gloves)
Will    .....                    m - +1 pair of boots Stlth
                                 f - amulet of faith
HPRegen 0.29/turn                h - +4 ring of protection
MPRegen 0.07/turn                (no ring)

@: no status effects
A: sickness immunity, AC +6, negative energy resistance 1, electricity
resistance, torment resistance 1, petrification resistance
a: Renounce Religion, Heroism, Finesse


You were on level 7 of the Dungeon.
You worshipped Okawaru.
Okawaru was greatly pleased with you.
You visited 2 branches of the dungeon, and saw 8 of its levels.
You also visited: Sewer.

You collected 230 gold pieces.
You spent 22 gold pieces at shops.

Inventory:

Hand Weapons
 u - a +0 morningstar of venom (weapon)
Missiles
 B - a poisoned dart (quivered)
Armour
 c - a +0 buckler (worn)
 i - a +0 chain mail (worn)
 m - a +1 pair of boots (worn)
 p - a +0 cloak (worn)
 D - the +0 hat "Reasuc" (worn) {Rampage rPois rN+ MP-9}
   (You found it on level 6 of the Dungeon)

   rPois:     It protects you from poison.
   rN:        It protects you from negative energy.
   MP:        It affects your magic capacity (-9).
   Rampage:   It bestows one free step when moving towards enemies.
Jewellery
 f - an amulet of faith (around neck)
 h - a +4 ring of protection (left hand)
 n - a ring of fire
Wands
 v - a wand of light (20)
 x - a wand of roots (9)
 y - a wand of flame (29)
Scrolls
 e - a scroll of fear
 j - a scroll of magic mapping
 l - a scroll of poison
 o - 2 scrolls of fog
 q - 2 scrolls of enchant armour {unknown}
 r - 2 scrolls of noise {unknown}
 s - a scroll of enchant weapon
 t - 3 scrolls of blinking
 w - 5 scrolls of teleportation
Potions
 a - a potion of mutation
 b - 3 potions of magic
 d - a potion of might
 g - a potion of invisibility
 k - 5 potions of curing
 z - a potion of ambrosia
 A - 2 potions of cancellation
 C - a potion of berserk rage {unknown}
 E - a potion of resistance {unknown}
 F - a potion of degeneration {unknown}
 G - a potion of heal wounds {unknown}


   Skills:
 + Level 8.0 Fighting
 + Level 6.9 Maces & Flails
 + Level 8.0 Armour
 + Level 8.0 Shields


You had 8 spell levels left.
You didn't know any spells.
Your spell library contained the following spells:

 Spells                   Type           Power      Damage    Failure   Level
 Sandblast                Erth           0%         2d4       96%         1
 Passwall                 Tmut/Erth      0%         N/A       99%         2
 Dazzling Flash           Conj/Hex       0%         N/A       100%        3
 Inner Flame              Hex/Fire       0%         N/A       100%        3
 Kindle Blastsparks       Fire/Tloc/Air  0%         2d10      100%        3
 Ozocubu's Armour         Ice            0%         N/A       100%        3
 Portal Projectile        Hex/Tloc       0%         N/A       100%        3
 Stone Arrow              Conj/Erth      0%         3d7       100%        3
 Cause Fear               Hex            0%         N/A       100%        4
 Fulminant Prism          Conj/Hex       0%         3d5       100%        4
 Iskenderun's Mystic Bla  Conj/Tloc      0%         2d3       100%        4
 Leda's Liquefaction      Hex/Erth       0%         N/A       100%        4
 Blade Hands              Tmut           0%         N/A       100%        5
 Lee's Rapid Deconstruct  Erth           0%         3d4*      100%        5
 Metabolic Englaciation   Hex/Ice        0%         N/A       100%        5
 Starburst                Conj/Fire      0%         6d3       100%        6
 Discord                  Hex            0%         N/A       100%        8
 Call Canine Familiar     Summ           Unusable   N/A       N/A         3
 Tukima's Dance           Hex            Unusable   N/A       N/A         3
 Simulacrum               Ice/Necr       Unusable   N/A       N/A         6

Dungeon Overview and Level Annotations

Branches:
Dungeon (7/15)             Temple (1/1) D:4           Sewer (visited)

Altars:
Ashenzari
Cheibriados
Dithmenos
Fedhas
Gozag
Kikubaaqudgha
Makhleb
Nemelex Xobeh
Okawaru
Ru
Sif Muna
Uskayaw
Vehumet
Wu Jian
Xom
The Shining One

Shops:
D:3 =   D:4 [   D:6 ?   D:7 (

Annotations:
D:7 Joseph


Innate Abilities, Weirdness & Mutations

You are immune to sickness and miasma.
Your stone body is resilient. (AC +6)
You are immune to poison.
You resist negative energy. (rN+)
You are resistant to electric shocks. (rElec)
You are resistant to unholy torment.
You are immune to petrification.


Message History

Press: ? - help, Q - select action, (/) - cycle Shift-Dir - straight line, f/p - Joseph
Aim: Joseph, wielding a +0 sling, wearing a +0 leather armour and carrying a wand of mindburst (19) (lightly wounded, very poisoned, 57% to hit)
You throw a poisoned dart. The poisoned dart hits Joseph.
Joseph looks even sicker.
Joseph is lightly wounded.
Throw: 4 darts (poison)
Press: ? - help, Q - select action, (/) - cycle Shift-Dir - straight line, f/p - Joseph
Aim: Joseph, wielding a +0 sling, wearing a +0 leather armour and carrying a wand of mindburst (19) (lightly wounded, very poisoned, 57% to hit)
You throw a poisoned dart.
The poisoned dart closely misses Joseph.
Joseph shoots a sling bullet.
The sling bullet hits you.
Throw: 3 darts (poison)
Press: ? - help, Q - select action, (/) - cycle Shift-Dir - straight line, f/p - Joseph
Aim: Joseph, wielding a +0 sling, wearing a +0 leather armour and carrying a wand of mindburst (19) (lightly wounded, very poisoned, 57% to hit)
You throw a poisoned dart. The poisoned dart hits Joseph.
Joseph is lightly wounded.
Joseph shoots a sling bullet.
The sling bullet barely misses you.
Throw: 2 darts (poison)
Press: ? - help, Q - select action, (/) - cycle Shift-Dir - straight line, f - ogre, p - Joseph
Aim: an ogre, wielding a +0 giant spiked club (73% to hit)
You throw a poisoned dart. The poisoned dart hits the ogre.
The ogre is poisoned.
Joseph shoots a sling bullet.
The sling bullet barely misses you.
You hit the ogre.
The ogre looks even sicker.
The ogre is lightly wounded.
The ogre barely misses you.
Joseph zaps a wand.
Your mind is blasted!
You hit the ogre but do no damage.
The ogre looks as sick as possible!
The ogre is lightly wounded.
Joseph zaps a wand.
Your mind is blasted!
* * * LOW HITPOINT WARNING * * *
The ogre closely misses you.
You impale the ogre!!
The ogre looks as sick as possible!
The ogre is almost dead.
You kill the ogre!
Okawaru accepts your kill.
Your Fighting skill increases to level 8!
Your Armour skill increases to level 8!
Your Shields skill increases to level 8!
Joseph zaps a wand.
Your mind is blasted!
You die...

... .. #.# #... O.
#.## #..# .#####
#.##(#... .#.(( #.#
..(.##.∩. #.# #((#.#
#.# #(...##### #
###.#####(.......#
#.##.#.....@@.....###
#.#...####.........#
#........+.........+
#.#...####.........#
#.##.######.......##
#.......# ##.....##
#######.# ##...## #.#
#+## #.##


You could see Joseph (very poisoned).

Vanquished Creatures
  Pikel (D:5)
  Grinder (D:5)
  A steam dragon (D:7)
  3 ice beasts
  2 orc warriors
  2 ogres
  2 necrophages
  A kobold brigand (D:6)
  5 bullfrogs
  A scorpion (D:5)
  7 hounds
  2 orc priests
  6 iguanas
  10 orc wizards
  13 adders
  A shadow imp (D:5)
  A white imp (D:5)
  An ufetubus (D:5)
  3 worms
  3 dart slugs
  23 orcs
  8 ball pythons
  11 endoplasms
  10 giant cockroaches
  2 goblins
  7 hobgoblins
  7 jackals
  13 kobolds
  8 quokkas
  4 bats
  11 frilled lizards
  2 rats
172 creatures vanquished.

Notes
Turn   | Place    | Note
-------+----------+-------------------------------------------
     0 | D:1      | Dittersdorf the Gargoyle Fighter began the quest for the
                  | Orb.
     0 | D:1      | Reached XP level 1. HP: 14/14 MP: 1/1
    95 | D:1      | Reached XP level 2. HP: 19/19 MP: 2/2
   168 | D:1      | Found a faded altar of an unknown god.
   543 | D:1      | Reached XP level 3. HP: 23/23 MP: 3/3
  1890 | D:3      | Reached XP level 4. HP: 29/29 MP: 4/4
  1890 | D:3      | Found Gituqeiw's Jewellery Boutique.
  2184 | D:3      | Found a shimmering blue altar of Sif Muna.
  2281 | D:3      | Found an opulent altar of Gozag.
  2285 | D:3      | Found a radiant altar of Vehumet.
  2290 | D:3      | Found a burning altar of Makhleb.
  2505 | D:3      | Reached XP level 5. HP: 18/33 MP: 5/5
  2777 | D:4      | Found a sacrificial altar of Ru.
  2812 | D:4      | Found Hihaf's Armour Emporium.
  2910 | D:4      | Reached XP level 6. HP: 36/39 MP: 6/6
  2945 | D:4      | Found a staircase to the Ecumenical Temple.
  2953 | Temple   | Entered the Ecumenical Temple
  2964 | Temple   | Became a worshipper of Warmaster Okawaru
  3320 | D:5      | Entered Level 5 of the Dungeon
  3366 | D:5      | Noticed an ice beast
  3380 | D:5      | Killed an ice beast
  3381 | D:5      | Reached skill level 5 in Fighting
  3381 | D:5      | Reached skill level 5 in Armour
  3381 | D:5      | Reached skill level 5 in Shields
  3381 | D:5      | Reached XP level 7. HP: 44/44 MP: 7/7
  3490 | D:5      | Noticed Pikel
  3521 | D:5      | Killed Pikel
  3521 | D:5      | Reached * piety under Okawaru
  3521 | D:5      | Reached ** piety under Okawaru
  3522 | D:5      | Reached XP level 8. HP: 35/51 MP: 8/8
  3562 | D:5      | Reached skill level 5 in Maces & Flails
  3987 | D:5      | Noticed Grinder
  4010 | D:5      | Paralysed by Grinder for 5 turns
  4090 | D:5      | Paralysed by Grinder for 3 turns
  4109 | D:5      | Killed Grinder
  4109 | D:5      | Reached *** piety under Okawaru
  4303 | D:5      | Found a hide-covered altar of Uskayaw.
  4316 | D:5      | Reached XP level 9. HP: 54/56 MP: 9/9
  4803 | D:6      | Found a glowing drain.
  4807 | Sewer    | Entered a sewer
  5267 | D:6      | Reached **** piety under Okawaru
  5468 | D:6      | Identified the +0 hat "Reasuc" {Rampage rPois rN+ MP-9}
  5809 | D:6      | Found The Oracle's Delphic Readings.
  5816 | D:6      | Bought a scroll of identify for 22 gold pieces
  6220 | D:7      | Found Cimiunen's Firing Range.
  6224 | D:7      | Noticed Joseph
  6240 | D:7      | Blown up by Joseph

Illustrated notes

Levels and vault maps discovered:
D:1:      dpeg_arrival_more_subterranean_lakeside_camping, layout_basic,
          chequers_ecumenical_altar_simple_redux, feat_on_display
D:2:      layout_basic, hex_large, st_stairs_3
D:3:      layout_loops_ring, grunt_temple_overflow_diamond, lemuel_doored_altar,
          serial_shops, shop, guppyfry_early_lair_pool
D:4:      layout_rooms, hangedman_ru_absence, minmay_temple_entry_butterflies,
          serial_shops, nicolae_shop_crystal
D:5:      minmay_chambers_of_fours, layout_loops_ring,
          nicolae_overflow_crystal_walls, uniq_grinder, uniq_pikel
D:6:      layout_loops_ring, gup_sewer_entry_bowl,
          chequers_serial_rivers_micro_a, nicolae_nh_oracle_at_delphi
D:7:      layout_loops_corners, mainiacjoe_overflow_tiny_flanked,
          grunt_decor_mini_mirrors, grunt_decor_one_mirror,
          minmay_misc_feat_tower, mrwooster_statue_mirror,
          nicolae_shop_firing_range, uniq_joseph
Temple:   hellmonk_temple_rainy

Skill      XL: |  1  2  3  4  5  6  7  8  9 |
---------------+----------------------------+-----
Fighting       | 4 5 6 8 |  8.0
Armour         | 4 5 6 8 |  8.0
Shields        | 4 5 6 8 |  8.0
Maces & Flails | 3 4 5 6 |  6.9

Action                   |  1- 3 |  4- 6 |  7- 9 || total
-------------------------+-------+-------+-------++-------
Melee: Flail             |   123 |     6 |       ||   129
       Morningstar       |       |   181 |   433 ||   614
       Unarmed           |       |       |     2 ||     2
Throw: Dart              |       |     4 |    20 ||    24
  Use: Scroll            |       |     7 |    12 ||    19
       Potion            |       |       |     1 ||     1
Armor: Scale mail        |    81 |    43 |       ||   124
       Chain mail        |       |   108 |   369 ||   477
       Skin              |       |       |     4 ||     4
Dodge: Dodged            |    66 |    84 |   183 ||   333
Block: Buckler           |    24 |    53 |   124 ||   201

Table legend: (Time is in decaauts)
 A = Elapsed time spent in this place.
 B = Non-inter-level travel time spent in this place.
 C = Inter-level travel time spent in this place.
 D = Time resting spent in this place.
 E = Time spent auto-exploring this place.
 F = Levels seen in this place.
 G = Mean time per level.
                   A        B        C        D        E       F      G
               +--------+--------+--------+--------+--------+-----+--------+
         Total |   6520 |   6305 |    215 |    341 |   4099 |   9 |  724.4 |
       Dungeon |   6087 |   5872 |    215 |    341 |   3916 |   7 |  869.6 |
        Temple |     19 |     19 |      0 |      0 |      0 |   1 |   19.0 |
         Sewer |    413 |    413 |      0 |      0 |    183 |   1 |  413.0 |
               +--------+--------+--------+--------+--------+-----+--------+

Top non-repeatable levels by time:
     D:5: 1359 daAuts
     D:6: 1116 daAuts
     D:2: 997 daAuts
     D:3: 912 daAuts
     D:1: 849 daAuts
     D:4: 698 daAuts
   Sewer: 413 daAuts
     D:7: 153 daAuts
  Temple: 19 daAuts
